 Dungeon Crawl Stone Soup version 0.31.0-1-g2c135a0 (webtiles) character file.

Game seed: 10368786166226888875

5949 bob002 the Grappler (level 10, -3/92 HPs)
             Began as a Troll Chaos Knight on Mar 19, 2024.
             Was a Plaything of Xom.
             Slain by Gastronok the caustic shrike (25 damage)
             ... on level 8 of the Dungeon.
             The game lasted 00:31:50 (8333 turns).

bob002 the Grappler (Troll Chaos Knight)            Turns: 8333, Time: 00:31:51

Health: -3/92      AC:  6    Str: 26    XL:     10   Next: 54%
Magic:  18/18      EV:  9    Int: 14    God:    Xom [......]
Gold:   647        SH:  0    Dex:  9    Spells: 9/9 levels left

rFire   . .          .
                       - Unarmed
rCold   + . .        (no shield)
rNeg    . . .        (body armour restricted)
rPois   +            F - +2 hat of the Twelve Lies {rC+}
rElec   .            C - +1 cloak {rPois}
rCorr   .            (gloves unavailable)
SInv    .            (boots unavailable)
Will    .....        (no amulet)
Stlth   +            c - ring of magical power
HPRegen 1.15/turn    k - +6 ring of intelligence
MPRegen 0.16/turn

%: no passive effects
@: no status effects
A: large, unfitting armour, claws 3, regeneration 1, shaggy fur 1, tough skin 1,
mutation resistance 1
a: Renounce Religion


You were on level 8 of the Dungeon.
You worshipped Xom.
You were a very special plaything of Xom.
You visited 1 branch of the dungeon, and saw 8 of its levels.
You also visited: Sewer, Ossuary and Bailey.

You collected 1262 gold pieces.
You spent 615 gold pieces at shops.

Inventory:

Hand Weapons
 o - the +9 sword of Power {lifebolt}
   (Xom gifted it to you on level 5 of the Dungeon)
 w - the +4 shortbow "Mawnuf" {elec, rN+}
   (You found it on level 5 of the Dungeon)

   rN+:       It protects you from negative energy.
Missiles
 d - 19 poisoned darts
 s - 58 stones
 x - a large rock (quivered)
Armour
 m - +0 steam dragon scales
 C - a +1 cloak of poison resistance (worn)
 E - +0 acid dragon scales
 F - the +2 hat of the Twelve Lies (worn) {rC+}
   (You acquired it on level 8 of the Dungeon)

   rC+:       It protects you from cold.
Jewellery
 c - a ring of magical power (left claw)
 k - a +6 ring of intelligence (right claw)
Talismans
 i - a serpent talisman
 D - a storm talisman
Wands
 a - a wand of mindburst (9)
 p - a wand of flame (20)
Scrolls
 b - a scroll of butterflies
 e - 2 scrolls of blinking
 f - 4 scrolls of enchant weapon
 g - 5 scrolls of noise
 h - 2 scrolls of teleportation
 j - 4 scrolls of immolation
 l - a scroll of amnesia
 y - a scroll of vulnerability {unknown}
 z - a scroll of summoning {unknown}
 B - a scroll of poison
 G - a scroll of enchant armour {unknown}
Potions
 q - a potion of curing
 r - a potion of attraction
 u - a potion of mutation
 v - a potion of invisibility


   Skills:
 - Level 4.0 Fighting
 * Level 5.2 Throwing
 - Level 1.9 Dodging
 + Level 13.8 Unarmed Combat
 - Level 3.2 Evocations


You had 9 spell levels left.
You didn't know any spells.
Your spell library contained the following spells:

 Spells                   Type           Power      Damage    Failure   Level
 Cigotuvi's Dreadful Rot  Necr/Alch/Air  0%         N/A       41%         2
 Jinxbite                 Hex            0%         N/A       41%         2
 Lesser Beckoning         Tloc           0%         N/A       41%         2
 Gell's Gravitas          Tloc           0%         N/A       65%         3
 Teleport Other           Tloc           0%         N/A       65%         3
 Ignite Poison            Fire/Alch      0%         N/A       96%         4
 Freezing Cloud           Conj/Ice/Air   0%         6-21      100%        5
 Summon Forest            Summ/Tloc      0%         N/A       100%        5
 Yara's Violent Unravell  Hex/Alch       0%         3d3       100%        5
 Eringya's Noxious Bog    Alch           0%         4d6       100%        6
 Enfeeble                 Hex            0%         N/A       100%        7
 Summon Hydra             Summ           0%         N/A       100%        7


Dungeon Overview and Level Annotations

Branches:
Dungeon (8/15)             Temple (0/1) D:6           Sewer (visited)
Ossuary (visited)          Bailey (visited)
   Lair: D:8-11

Altars:
Dithmenos
Elyvilon
Gozag
Makhleb
Okawaru
Qazlal
Trog
Vehumet
Zin
The Shining One

Shops:
D:1 :   D:2 [   D:3 *   D:8 (*?

Annotations:
D:5 Grinder
D:8 Gastronok


Innate Abilities, Weirdness & Mutations

You are too large for most types of armour.
You have claws for hands.
Your natural rate of healing is unusually fast.
You are covered in fur. (AC +1)
You have tough skin. (AC +1)
You are somewhat resistant to further mutation.


Message History

You flicker back into view.
HP restored.
Things that are here:
a +1 dagger of speed; a +0 robe You open the door.
There is an open door here.
You open the door.
Gastronok is nearby!
Xom's power touches on a nearby monster.
Gastronok evaporates and reforms as a caustic shrike!
Throw: 5 large rocks
Press: ? - help, Q - select action, (/) - cycle Shift-Dir - straight line, f - Gastronok
Aim: Gastronok the caustic shrike (moderately wounded, 23% to hit)
You throw a large rock.
The large rock closely misses Gastronok.
Throw: 4 large rocks
Press: ? - help, Q - select action, (/) - cycle Shift-Dir - straight line, f/p - Gastronok
Aim: Gastronok the caustic shrike (moderately wounded, 23% to hit)
You throw a large rock. The large rock misses Gastronok.
Gastronok barely misses you. Gastronok claws you!!
You are splashed with acid.
Gastronok barely misses you. Gastronok misses you.
As you read the scroll of fear, it crumbles to dust.
You assume a fearsome visage.
Gastronok looks frightened!
Throw: 3 large rocks
Press: ? - help, Q - select action, (/) - cycle Shift-Dir - straight line, f/p - Gastronok
Aim: Gastronok the caustic shrike (moderately wounded, fleeing, 23% to hit)
You throw a large rock. The large rock hits Gastronok.
Your attack snaps Gastronok out of its fear.
Gastronok is moderately wounded.
Gastronok claws you but does no damage.
Throw: 2 large rocks
Press: ? - help, Q - select action, (/) - cycle Shift-Dir - straight line, f/p - Gastronok
Aim: Gastronok the caustic shrike (moderately wounded, 23% to hit)
You throw a large rock. The large rock hits Gastronok!!
Gastronok is heavily wounded.
Gastronok claws you!!
You are splashed with acid!
* * * LOW HITPOINT WARNING * * *
Gastronok claws you!!
You die...
Xom roars with laughter!

#.# ######.# #......# ##
##.####.# #. ........########
#. ##.###.......... #.
#.###...####### #####.##
#.##.....# #......###.###.@)##
#..............b##
#..##..##.#####.# #.#
#......##.# #(# #.#
#...##.##.# #'## #.#
##......##.# #.:.## #.#
...........###.[...## #.#####
.###.#.######...(...# ##.....#
#....####.........####...##.##


You could see Gastronok the caustic shrike.

Vanquished Creatures
  The ghost of Biscolet the Skirmisher, a novice FoHu of Okawaru (D:6)
  The ghost of bob002 the Grappler, a novice TrBe of Trog (D:6)
  An orc knight (Bailey)
  A deep elf pyromancer (Bailey)
  A guardian serpent (D:7)
  Maggie (D:7)
  A hornet (D:8)
  Eustachio (D:4)
  An acid dragon (D:8)
  An ice beast (D:7)
  3 orc warriors (Bailey)
  A sky beast (D:7)
  3 black bears (D:7)
  A crocodile (Sewer)
  An ogre (D:5)
  A centaur (D:7)
  A phantom (D:5)
  2 kobold brigands
  A brain worm (Sewer)
  4 bullfrogs
  2 killer bees (D:8)
  A bombardier beetle (D:5)
  4 bullfrog zombies (Ossuary)
  4 hounds
  2 jellies (D:6)
  6 orc priests
  2 iguanas
  9 orc wizards
  4 crocodile zombies (Ossuary)
  9 hound zombies (Ossuary)
  6 mummies
  2 howler monkey zombies (Ossuary)
  7 adders
  A shadow imp (D:8)
  2 white imps
  2 ufetubi (D:7)
  2 ribbon worms
  38 orcs
  10 bats
  6 endoplasms
  4 giant cockroaches
  8 goblins
  10 hobgoblins
  8 jackals
  7 quokkas
  6 ball pythons
  6 ball python zombies (Ossuary)
  4 frilled lizards
  A hobgoblin zombie (D:5)
  12 kobolds
  A kobold zombie (D:5)
  3 rats
217 creatures vanquished.

Vanquished Creatures (collateral kills)
  A howler monkey zombie (Ossuary)
  An orc (Bailey)
2 creatures vanquished.

Vanquished Creatures (others)
  A bullfrog (D:7)
  A killer bee (D:8)
  An iguana (D:7)
  2 quokkas (D:5)
5 creatures vanquished.

Grand Total: 224 creatures vanquished

Notes
Turn   | Place    | Note
-------+----------+-------------------------------------------
     0 | D:1      | bob002 the Troll Chaos Knight began the quest for the Orb.
     0 | D:1      | Reached XP level 1. HP: 22/22 MP: 0/0
   104 | D:1      | XOM: butterfly on damage
   140 | D:1      | Reached XP level 2. HP: 29/29 MP: 1/1
   246 | D:1      | XOM: silly message
   604 | D:1      | XOM: silly message
   673 | D:1      | Found Ympef's Book Boutique.
   714 | D:1      | XOM: divination: detect items
   716 | D:1      | XOM: potion effect (invisibility)
   902 | D:2      | XOM: silly message
   945 | D:2      | Found Mesosch's Antique Armour Boutique.
  1051 | D:2      | Reached XP level 3. HP: 28/36 MP: 2/2
  1843 | D:2      | XOM: give mutations
  1843 | D:2      | Gained mutation: Your mind is acute. (Int +4, Str/Dex -1)
                  | [Xom's mischief]
  1843 | D:2      | Gained mutation: Your body sometimes deteriorates upon
                  | taking damage. [Xom's mischief]
  2067 | D:2      | XOM: silly message
  2136 | D:3      | Found an iron altar of Okawaru.
  2167 | D:3      | XOM: swap monsters
  2216 | D:3      | Reached skill level 1 in Evocations
  2263 | D:3      | Reached skill level 4 in Unarmed Combat
  2341 | D:3      | Found Mareacal's Assorted Antiques.
  2359 | D:3      | Reached XP level 4. HP: 28/44 MP: 3/3
  2374 | D:3      | XOM: 2-stop teleportation journey
  2490 | D:3      | Bought 3 scrolls labelled IWE UL EDUPI for 51 gold pieces
  2741 | D:3      | Found a glowing golden altar of the Shining One.
  2742 | D:3      | Found a glowing silver altar of Zin.
  2757 | D:3      | Found a white marble altar of Elyvilon.
  3046 | D:4      | Noticed Grinder
  3047 | D:4      | XOM: blink monster(s)
  3161 | D:4      | Noticed Eustachio
  3179 | D:4      | XOM: summons 3 hostile demons
  3182 | D:4      | XOM: polymorph Eustachio -> Eustachio
  3292 | D:4      | XOM: summons 3 hostile demons
  3428 | D:4      | Killed Eustachio
  3429 | D:4      | Reached skill level 5 in Unarmed Combat
  3429 | D:4      | Reached XP level 5. HP: 21/53 MP: 4/4
  3558 | D:4      | XOM: give mutations
  3558 | D:4      | Gained mutation: You have a pair of small horns on your
                  | head. [Xom's mischief]
  3558 | D:4      | Gained mutation: You are vulnerable to cold. (rC-) [Xom's
                  | mischief]
  3558 | D:4      | Lost mutation: You are vulnerable to cold. (rC-) [Xom's
                  | mischief]
  3564 | D:4      | Reached XP level 6. HP: 49/61 MP: 5/5
  3789 | D:5      | Entered Level 5 of the Dungeon
  3869 | D:5      | Reached skill level 6 in Unarmed Combat
  3925 | D:5      | Found a sand-covered staircase.
  3986 | Ossuary  | Entered an ossuary
  4005 | Ossuary  | XOM: noise
  4038 | Ossuary  | XOM: summons friendly ufetubus
  4053 | Ossuary  | Reached XP level 7. HP: 67/67 MP: 6/6
  4085 | Ossuary  | XOM: noise
  4103 | Ossuary  | Reached skill level 7 in Unarmed Combat
  4114 | Ossuary  | XOM: cast spell 'Cause Fear'
  4301 | Ossuary  | XOM: 9-stop teleportation journey
  4418 | D:5      | Found a glowing drain.
  4430 | D:5      | XOM: destruction
  4443 | Sewer    | Entered a sewer
  4449 | Sewer    | XOM: scenery: create altars
  4471 | Sewer    | XOM: chaos cloud
  4500 | Sewer    | Reached skill level 8 in Unarmed Combat
  4500 | Sewer    | Reached XP level 8. HP: 78/78 MP: 7/7
  4621 | D:5      | XOM: silly message
  4641 | D:5      | Identified the +4 shortbow "Mawnuf" {elec, rN+}
  4678 | D:5      | Paralysed by Grinder for 5 turns
  4684 | D:5      | XOM: 1-stop teleportation journey
  4751 | D:5      | Reached skill level 1 in Throwing
  4900 | D:5      | XOM: summons 5 hostile demons
  4943 | D:5      | XOM: god gift: +9 sword of Power {lifebolt}
  4944 | D:5      | Found the +9 sword of Power {lifebolt}
  5025 | D:5      | XOM: scenery: summon butterflies
  5112 | D:5      | XOM: scenery: 1 doors close
  5120 | D:5      | XOM: god gift: 10 gold pieces
  5282 | D:6      | Reached skill level 9 in Unarmed Combat
  5361 | D:6      | XOM: snakes to sticks
  5462 | D:6      | Found a bloodstained altar of Trog.
  5467 | D:6      | Found an opulent altar of Gozag.
  5470 | D:6      | Found a burning altar of Makhleb.
  5499 | D:6      | Found a radiant altar of Vehumet.
  5670 | D:6      | Found a runed translucent gate.
  5670 | D:6      | Found a runed translucent gate.
  5670 | D:6      | Found a runed translucent gate.
  5671 | D:6      | Noticed bob002's ghost (novice TrBe)
  5672 | D:6      | Noticed Biscolet's ghost (novice FoHu)
  5783 | D:6      | XOM: snakes to sticks
  5852 | D:6      | Found a staircase to the Ecumenical Temple.
  5966 | D:6      | Found a stormy altar of Qazlal.
  6050 | D:6      | Killed Biscolet's ghost
  6051 | D:6      | Reached skill level 10 in Unarmed Combat
  6051 | D:6      | Reached XP level 9. HP: 57/84 MP: 8/8
  6055 | D:6      | Killed bob002's ghost
  6056 | D:6      | Reached skill level 11 in Unarmed Combat
  6140 | D:7      | XOM: stealth player
  6161 | D:7      | XOM: 1-stop teleportation journey
  6164 | D:7      | a scorpion changed into a guardian serpent
  6164 | D:7      | Noticed a guardian serpent
  6164 | D:7      | XOM: polymorph scorpion -> guardian serpent
  6300 | D:7      | XOM: summons 1 hostile demon
  6668 | D:7      | Found a flagged portal.
  6671 | Bailey   | Entered a bailey
  6730 | Bailey   | XOM: summons 9 friendly demons
  6815 | Bailey   | Found a large runed translucent door.
  6815 | Bailey   | Found a large runed translucent door.
  6816 | Bailey   | Noticed a deep elf pyromancer
  6846 | Bailey   | Noticed an orc knight
  6854 | Bailey   | XOM: summons 2 friendly demons
  6858 | Bailey   | Killed an orc knight
  6859 | Bailey   | Reached skill level 12 in Unarmed Combat
  6876 | Bailey   | Killed a deep elf pyromancer
  6877 | Bailey   | Reached XP level 10. HP: 75/92 MP: 9/9
  7085 | D:7      | Noticed Maggie
  7100 | D:7      | Killed Maggie
  7201 | D:7      | XOM: divination: magic mapping
  7249 | D:7      | Reached skill level 13 in Unarmed Combat
  7319 | D:7      | XOM: divine lightning
  7325 | D:7      | Killed a guardian serpent
  7705 | D:8      | Found Nycaziu's Assorted Antiques.
  7713 | D:8      | Bought a scroll labelled RILERH VOYGEU for 30 gold pieces
  7713 | D:8      | Bought a scroll labelled YDUKOTOITE for 30 gold pieces
  7713 | D:8      | Lost mutation: Your body sometimes deteriorates upon taking
                  | damage. [potion of mutation]
  7713 | D:8      | Lost mutation: Your mind is acute. (Int +4, Str/Dex -1)
                  | [potion of mutation]
  7713 | D:8      | Lost mutation: You have a pair of small horns on your head.
                  | [potion of mutation]
  7713 | D:8      | Gained mutation: You occasionally lose the ability to drink
                  | potions when taking damage. [potion of mutation]
  7713 | D:8      | Gained mutation: You sometimes lose the ability to drink
                  | potions when taking damage. [potion of mutation]
  7713 | D:8      | Gained mutation: Your body sometimes deteriorates upon
                  | taking damage. [potion of mutation]
  7714 | D:8      | Bought 2 potions of mutation for 480 gold pieces
  7714 | D:8      | Lost mutation: Your body sometimes deteriorates upon taking
                  | damage. [potion of mutation]
  7714 | D:8      | Lost mutation: You sometimes lose the ability to drink
                  | potions when taking damage. [potion of mutation]
  7714 | D:8      | Lost mutation: You occasionally lose the ability to drink
                  | potions when taking damage. [potion of mutation]
  7714 | D:8      | Gained mutation: You are somewhat resistant to further
                  | mutation. [potion of mutation]
  7738 | D:8      | Reached skill level 5 in Throwing
  7776 | D:8      | Identified 2 scrolls of acquirement
  7776 | D:8      | Acquired the +2 hat of the Twelve Lies {rC+}
  7787 | D:8      | Acquired 584 gold pieces
  7826 | D:8      | Found Xetuc's Magic Scroll Emporium.
  7838 | D:8      | Bought a scroll of identify for 24 gold pieces
  7848 | D:8      | Found Qaomemot's Antique Weapon Boutique.
  7876 | D:8      | Found a shadowy altar of Dithmenos.
  8052 | D:8      | XOM: 1-stop teleportation journey
  8104 | D:8      | Noticed Gastronok
  8121 | D:8      | XOM: 2-stop teleportation journey
  8328 | D:8      | Gastronok changed into Gastronok the caustic shrike
  8328 | D:8      | Noticed Gastronok
  8328 | D:8      | XOM: polymorph Gastronok -> Gastronok the caustic shrike
  8333 | D:8      | Slain by Gastronok the caustic shrike

Illustrated notes

Levels and vault maps discovered:
D:1:      sevenhm_arrival_forest_fort_large_2, layout_loops_ring, serial_shops,
          shop
D:2:      mumra_celtic_spiral_tile, layout_loops_corners, serial_shops, shop
D:3:      layout_loops_ring, good_gods_temple_1, okawaru_metal_pillars_3,
          serial_shops, shop
D:4:      layout_basic, mrwooster_statue_mirror, uniq_eustachio, uniq_grinder
D:5:      layout_basic, nicolae_ossuary_entry_giza, serial_glass,
          glass_columns_c, glass_columns_a, glass_columns_c, glass_columns_b,
          portal_sewer_entry_f, minivault_5
D:6:      layout_loops_ring, vehumet_crystals, lemuel_coloured_pillars_altar,
          grunt_temple_overflow_diamond, temple_hall, gammafunk_ghost_cemetery,
          grunt_ministairs_2, palyth_stone_intersect
D:7:      layout_loops_corners, enter_bailey_4, minmay_crystal_room,
          kennysheep_generic_room_2, uniq_maggie
D:8:      layout_loops_corners, grunt_dithmenos_shadows, serial_shops, shop,
          nicolae_diamond_shop, nicolae_shop_hallway_stairs,
          nicolae_shop_peninsula, uniq_gastronok

Skill      XL: |  1  2  3  4  5  6  7  8  9 10 |
---------------+-------------------------------+-----
Evocations     | 1 2 3 |  3.2
Unarmed Combat | 4 5 6 8 10 12 13 | 13.8
Fighting       | 3 4 |  4.0
Throwing       | 2 4 5 |  5.2
Dodging        | |  1.9

Action                     |  1- 3 |  4- 6 |  7- 9 | 10-12 || total
---------------------------+-------+-------+-------+-------++-------
  Melee: Unarmed           |   142 |   144 |   254 |    89 ||   629
         Punch             |     2 |     4 |     8 |     6 ||    20
         Headbutt          |       |     8 |    42 |     8 ||    58
  Throw: Large rock        |       |       |     5 |     4 ||     9
    Use: Scroll            |     4 |     6 |     7 |     6 ||    23
         Potion            |     1 |     1 |     6 |     9 ||    17
   Stab: Distracted        |       |     1 |       |       ||     1
         Invisible         |       |       |       |     2 ||     2
 Armour: Robe              |   113 |   118 |   251 |    31 ||   513
         Skin              |       |       |    36 |    17 ||    53
         Steam dragon scal |       |       |       |    27 ||    27
  Dodge: Dodged            |    73 |    72 |   143 |    43 ||   331
